| TOP OF THE 1ST |
|
Kane County Cougars batting - Pitching for Peoria Chiefs : RHP Dwain Ashford
|
|
Pitching: RHP Dwain Ashford
|
|
|
Batting: LHB Jeff Trapp
|
0-0: Ball 1-0: Ball 2-0: Swinging Strike 2-1: Swinging Strike 2-2: Strikes out swinging
|
|
Batting: RHB Daniel Rivera
|
0-0: Ball 1-0: Ball 2-0: Called Strike 2-1: Ground out 5-3 (Groundball, 56S, EV 75.0 MPH)
|
|
Batting: RHB Chad Mendoza
|
0-0: Ball 1-0: Ball 2-0: Ball 3-0: Base on Balls
|
|
Batting: RHB Longfellow Wetzler
|
0-0: Ball 1-0: Swinging Strike 1-1: Ball 2-1: Swinging Strike 2-2: Strikes out swinging
|
| Top of the 1st over - 0 runs, 0 hits, 0 errors, 1 left on base; Kane County 0 - Peoria 0 |
| BOTTOM OF THE 1ST |
|
Peoria Chiefs batting - Pitching for Kane County Cougars : RHP Marco Rodriguez
|
|
Pitching: RHP Marco Rodriguez
|
|
|
Batting: RHB Robby Hickman
|
0-0: Ball 1-0: SINGLE (Line Drive, 4D, EV 95.0 MPH)
|
|
Batting: RHB Tommy Tracy
|
0-0: Ball 1-0: SINGLE (Line Drive, 7S, EV 105.6 MPH) Robby Hickman to second
|
|
Batting: RHB Sam Daw
|
0-0: Called Strike 0-1: Foul Ball, location: 2F 0-2: Ball 1-2: Fly out, F8 (Flyball, 8RM, EV 90.6 MPH)
|
|
Batting: RHB Workneh Lagat
|
0-0: Called Strike 0-1: Called Strike 0-2: Fly out, F8 (Line Drive, 78M, EV 91.2 MPH)
|
|
Batting: RHB Edgar Landim
|
0-0: Foul Ball, location: 2F 0-1: DOUBLE (Line Drive, 3D, EV 94.4 MPH) Robby Hickman scores Tommy Tracy to third
|
|
Batting: RHB Roberto Ruiz
|
0-0: Ball 1-0: Swinging Strike 1-1: Foul Ball, location: 2F 1-2: Ball 2-2: Foul Ball, location: 2F 2-2: Foul Ball, location: 2F 2-2: DOUBLE (Flyball, 78D, EV 97.5 MPH) Tommy Tracy scores Edgar Landim scores
|
|
Batting: RHB Fekadu Alhaadi
|
0-0: Called Strike 0-1: Swinging Strike 0-2: Foul Ball, location: 2F 0-2: Ball 1-2: Foul Ball, location: 2F 1-2: Ball 2-2: Foul Ball, location: 2F 2-2: Strikes out swinging
|
| Bottom of the 1st over - 3 runs, 4 hits, 0 errors, 1 left on base; Kane County 0 - Peoria 3 |
| TOP OF THE 2ND |
|
Kane County Cougars batting - Pitching for Peoria Chiefs : RHP Dwain Ashford
|
|
Batting: RHB Dustin Legault
|
0-0: Ball 1-0: Called Strike 1-1: Foul Ball, location: 2F 1-2: Ball 2-2: SINGLE (Groundball, 6MD, EV 106.2 MPH)
|
|
Batting: RHB Cesar Rendon
|
0-0: Ball 1-0: Ball 2-0: Called Strike 2-1: Called Strike 2-2: Foul Ball, location: 2F 2-2: Strikes out swinging
|
|
Batting: RHB Sergio Manzanero
|
0-0: Called Strike 0-1: Foul Ball, location: 2F 0-2: Ball 1-2: Foul Ball, location: 2F 1-2: Strikes out swinging
|
|
Batting: RHB Jeremy Adams
|
0-0: Fielders Choice at 2nd, 6-4 (Groundball, 6, EV 83.1 MPH)
|
| Top of the 2nd over - 0 runs, 1 hit, 0 errors, 1 left on base; Kane County 0 - Peoria 3 |
| BOTTOM OF THE 2ND |
|
Peoria Chiefs batting - Pitching for Kane County Cougars : RHP Marco Rodriguez
|
|
Batting: RHB Jose Jimenez
|
0-0: Swinging Strike 0-1: Swinging Strike 0-2: Strikes out looking
|
|
Batting: RHB Kyle Burns
|
0-0: Called Strike 0-1: Called Strike 0-2: Ball 1-2: Strikes out looking
|
|
Batting: RHB Robby Hickman
|
0-0: Ball 1-0: Swinging Strike 1-1: Swinging Strike 1-2: Strikes out swinging, 2-3 out at first.
|
| Bottom of the 2nd over - 0 runs, 0 hits, 0 errors, 0 left on base; Kane County 0 - Peoria 3 |
| TOP OF THE 3RD |
|
Kane County Cougars batting - Pitching for Peoria Chiefs : RHP Dwain Ashford
|
|
Batting: RHB John Ricketts
|
0-0: Foul Ball, location: 2F 0-1: Foul Ball, location: 2F 0-2: Ball 1-2: Foul Ball, location: 2F 1-2: Ground out 6-3 (Groundball, 6, EV 103.8 MPH)
|
|
Batting: LHB Jeff Trapp
|
0-0: Called Strike 0-1: Ball 1-1: Ball 2-1: Foul Ball, location: 2F 2-2: Strikes out swinging
|
|
Batting: RHB Daniel Rivera
|
0-0: Ground out 5-3 (Groundball, 56, EV 100.6 MPH)
|
| Top of the 3rd over - 0 runs, 0 hits, 0 errors, 0 left on base; Kane County 0 - Peoria 3 |
| BOTTOM OF THE 3RD |
|
Peoria Chiefs batting - Pitching for Kane County Cougars : RHP Marco Rodriguez
|
|
Batting: RHB Tommy Tracy
|
0-0: Foul Ball, location: 2F 0-1: Foul Ball, location: 2F 0-2: Ball 1-2: Ball 2-2: Fly out, F8 (Flyball, 8LM, EV 95.6 MPH)
|
|
Batting: RHB Sam Daw
|
0-0: Swinging Strike 0-1: Ball 1-1: Ball 2-1: SINGLE (Line Drive, 8RS, EV 106.9 MPH)
|
|
Batting: RHB Workneh Lagat
|
0-0: Ball 1-0: Fielders Choice at 2nd, 3-6 (Groundball, 3, EV 80.0 MPH)
|
|
Batting: RHB Edgar Landim
|
0-0: Foul Ball, location: 2F 0-1: SINGLE (Groundball, 34D, EV 100.6 MPH) Workneh Lagat to second Runner from 2nd tries for 3rd, OUT! 9-5
|
| Bottom of the 3rd over - 0 runs, 2 hits, 0 errors, 1 left on base; Kane County 0 - Peoria 3 |
| TOP OF THE 4TH |
|
Kane County Cougars batting - Pitching for Peoria Chiefs : RHP Dwain Ashford
|
|
Batting: RHB Chad Mendoza
|
0-0: Ball 1-0: Ground out 6-3 (Groundball, 6, EV 93.8 MPH)
|
|
Batting: RHB Longfellow Wetzler
|
0-0: Called Strike 0-1: SINGLE (Groundball, 25, EV 64.4 MPH) (infield hit)
|
|
Batting: RHB Dustin Legault
|
0-0: Ball 1-0: Foul Ball, location: 2F 1-1: Ball 2-1: Foul Ball, location: 2F 2-2: Fly out, F9 (Flyball, 89S, EV 88.8 MPH)
|
|
Batting: RHB Cesar Rendon
|
0-0: Ball 1-0: Ball Wild Pitch! Longfellow Wetzler to second 2-0: Foul Ball, location: 2F 2-1: Foul Ball, location: 2F 2-2: SINGLE (Groundball, 6MD, EV 96.9 MPH) Longfellow Wetzler to third Runner from 3rd tries for Home, SAFE, throw by CF to home
|
|
Batting: RHB Sergio Manzanero
|
0-0: Foul Ball, location: 2F 0-1: Ball 1-1: SINGLE (Line Drive, 9S, EV 93.1 MPH) Cesar Rendon to second
|
|
Batting: RHB Jeremy Adams
|
0-0: Ball 1-0: Called Strike 1-1: Foul Ball, location: 2F 1-2: Foul Ball, location: 2F 1-2: Foul Ball, location: 2F 1-2: Strikes out looking
|
| Top of the 4th over - 1 run, 3 hits, 0 errors, 2 left on base; Kane County 1 - Peoria 3 |
| BOTTOM OF THE 4TH |
|
Peoria Chiefs batting - Pitching for Kane County Cougars : RHP Marco Rodriguez
|
|
Batting: RHB Roberto Ruiz
|
0-0: Ball 1-0: Ball 2-0: Fly out, F8 (Flyball, 89XD, EV 98.8 MPH)
|
|
Batting: RHB Fekadu Alhaadi
|
0-0: Called Strike 0-1: Swinging Strike 0-2: Ball 1-2: Foul Ball, location: 2F 1-2: Foul Ball, location: 2F 1-2: Strikes out swinging
|
|
Batting: RHB Jose Jimenez
|
0-0: Ball 1-0: Swinging Strike 1-1: Swinging Strike 1-2: Strikes out swinging
|
| Bottom of the 4th over - 0 runs, 0 hits, 0 errors, 0 left on base; Kane County 1 - Peoria 3 |
| TOP OF THE 5TH |
|
Kane County Cougars batting - Pitching for Peoria Chiefs : RHP Dwain Ashford
|
|
Batting: RHB John Ricketts
|
0-0: Foul Ball, location: 2F 0-1: Foul Ball, location: 2F 0-2: Strikes out swinging
|
|
Batting: LHB Jeff Trapp
|
0-0: Called Strike 0-1: Called Strike 0-2: Ball 1-2: Foul Ball, location: 2F 1-2: Ground out 4-3 (Groundball, 4MD, EV 95.0 MPH)
|
|
Batting: RHB Daniel Rivera
|
0-0: Foul Ball, location: 2F 0-1: Ball 1-1: Ball 2-1: Ground out 6-3 (Groundball, 6, EV 83.1 MPH)
|
| Top of the 5th over - 0 runs, 0 hits, 0 errors, 0 left on base; Kane County 1 - Peoria 3 |
| BOTTOM OF THE 5TH |
|
Peoria Chiefs batting - Pitching for Kane County Cougars : RHP Marco Rodriguez
|
|
Batting: RHB Kyle Burns
|
0-0: Ground out 2-3 (Groundball, 2L, EV 68.1 MPH)
|
|
Batting: RHB Robby Hickman
|
0-0: SINGLE (Line Drive, 4MD, EV 108.8 MPH)
|
|
Batting: RHB Tommy Tracy
|
0-0: Ball 1-0: Called Strike Robby Hickman steals 2nd base 1-1: Ball 2-1: Ball 3-1: Base on Balls
|
|
Batting: RHB Sam Daw
|
0-0: Ball 1-0: Called Strike 1-1: Foul Ball, location: 2F 1-2: Foul Ball, location: 2F 1-2: Ball 2-2: Strikes out looking
|
|
Batting: RHB Workneh Lagat
|
0-0: Called Strike 0-1: Fly out, F9 (Flyball, 89M, EV 86.9 MPH)
|
| Bottom of the 5th over - 0 runs, 1 hit, 0 errors, 2 left on base; Kane County 1 - Peoria 3 |
| TOP OF THE 6TH |
|
Kane County Cougars batting - Pitching for Peoria Chiefs : RHP Dwain Ashford
|
|
Batting: RHB Chad Mendoza
|
0-0: Ball 1-0: Ball 2-0: Fly out, F7 (Line Drive, 78M, EV 100.0 MPH)
|
|
Batting: RHB Longfellow Wetzler
|
0-0: Called Strike 0-1: Swinging Strike 0-2: Foul Ball, location: 2F 0-2: Ball 1-2: Ball 2-2: Strikes out swinging
|
|
Batting: RHB Dustin Legault
|
0-0: SINGLE (Groundball, 34D, EV 97.5 MPH)
|
|
Pitching: RHP Derrick Easley
|
|
|
Batting: RHB Cesar Rendon
|
0-0: Called Strike 0-1: Swinging Strike 0-2: Strikes out swinging
|
| Top of the 6th over - 0 runs, 1 hit, 0 errors, 1 left on base; Kane County 1 - Peoria 3 |
| BOTTOM OF THE 6TH |
|
Peoria Chiefs batting - Pitching for Kane County Cougars : RHP Marco Rodriguez
|
|
Batting: RHB Edgar Landim
|
0-0: Called Strike 0-1: Swinging Strike 0-2: SOLO HOME RUN (Flyball, 9D, EV 98.8 MPH), Distance : 365 ft
|
|
Batting: RHB Roberto Ruiz
|
0-0: Foul Ball, location: 2F 0-1: Swinging Strike 0-2: Ball 1-2: Fly out, F4 (Flyball, 34D, EV 88.8 MPH)
|
|
Batting: RHB Fekadu Alhaadi
|
0-0: Ball 1-0: Ball 2-0: Ball 3-0: Called Strike 3-1: Base on Balls
|
|
Batting: RHB Jose Jimenez
|
0-0: Called Strike 0-1: Foul Ball, location: 2F 0-2: Fielders Choice at 2nd, 6-4 (Groundball, 6, EV 90.0 MPH)
|
|
Batting: RHB Kyle Burns
|
0-0: Called Strike Jose Jimenez steals 2nd base 0-1: Ball 1-1: Foul Ball, location: 2F 1-2: Strikes out swinging
|
| Bottom of the 6th over - 1 run, 1 hit, 0 errors, 1 left on base; Kane County 1 - Peoria 4 |
| TOP OF THE 7TH |
|
Kane County Cougars batting - Pitching for Peoria Chiefs : RHP Derrick Easley
|
|
Batting: RHB Sergio Manzanero
|
0-0: Ball 1-0: Foul Ball, location: 2F 1-1: Ball 2-1: Ball 3-1: Foul Ball, location: 2F 3-2: Strikes out looking
|
|
Batting: RHB Jeremy Adams
|
0-0: Swinging Strike 0-1: Fly out, F8 (Flyball, 8LXD, EV 100.0 MPH)
|
|
Batting: RHB John Ricketts
|
0-0: Called Strike 0-1: SINGLE (Groundball, 34D, EV 95.6 MPH)
|
|
Batting: LHB Jeff Trapp
|
0-0: Fly out, F5 (Line Drive, 56, EV 65.6 MPH)
|
| Top of the 7th over - 0 runs, 1 hit, 0 errors, 1 left on base; Kane County 1 - Peoria 4 |
| BOTTOM OF THE 7TH |
|
Peoria Chiefs batting - Pitching for Kane County Cougars : RHP Marco Rodriguez
|
|
Pitching: RHP Franklin Salazar
|
|
|
Batting: RHB Robby Hickman
|
0-0: Ball 1-0: Ball 2-0: Ball 3-0: Called Strike 3-1: Base on Balls
|
|
Batting: RHB Tommy Tracy
|
0-0: Ball 1-0: Foul Ball, location: 2F 1-1: Grounds into double play, 6-4-3 (Groundball, 6, EV 81.2 MPH)
|
|
Batting: RHB Sam Daw
|
0-0: Reached on error, E6 (Groundball, 6, EV 90.0 MPH)
|
|
Batting: RHB Workneh Lagat
|
0-0: Ball 1-0: Fly out, F2 (Popup, 25F, EV 83.8 MPH)
|
| Bottom of the 7th over - 0 runs, 0 hits, 1 error, 1 left on base; Kane County 1 - Peoria 4 |
| TOP OF THE 8TH |
|
Kane County Cougars batting - Pitching for Peoria Chiefs : RHP Derrick Easley
|
|
Pitching: RHP Willie Alvarado
|
|
|
Batting: RHB Daniel Rivera
|
0-0: Swinging Strike 0-1: Ball 1-1: Ground out 5-3 (Groundball, 56S, EV 89.4 MPH)
|
|
Batting: RHB Chad Mendoza
|
0-0: Ball 1-0: Called Strike 1-1: Swinging Strike 1-2: Foul Ball, location: 2F 1-2: Ball 2-2: Foul Ball, location: 2F 2-2: Foul Ball, location: 2F 2-2: Ball 3-2: Ground out 6-3 (Groundball, 6, EV 81.9 MPH)
|
|
Batting: RHB Longfellow Wetzler
|
0-0: Called Strike 0-1: Ball 1-1: Foul Ball, location: 2F 1-2: Ball 2-2: Ground out 6-3 (Groundball, 56, EV 99.4 MPH)
|
| Top of the 8th over - 0 runs, 0 hits, 0 errors, 0 left on base; Kane County 1 - Peoria 4 |
| BOTTOM OF THE 8TH |
|
Peoria Chiefs batting - Pitching for Kane County Cougars : RHP Franklin Salazar
|
|
Batting: RHB Edgar Landim
|
0-0: Ground out 3-1 (Groundball, 34, EV 82.5 MPH)
|
|
Batting: RHB Roberto Ruiz
|
0-0: Called Strike 0-1: Foul Ball, location: 2F 0-2: Ball 1-2: Ground out 2-3 (Groundball, 15S, EV 67.5 MPH)
|
|
Batting: RHB Fekadu Alhaadi
|
0-0: Ball 1-0: Ball 2-0: Called Strike 2-1: Foul Ball, location: 2F 2-2: Ball 3-2: Fly out, F4 (Popup, 4M, EV 58.8 MPH)
|
| Bottom of the 8th over - 0 runs, 0 hits, 0 errors, 0 left on base; Kane County 1 - Peoria 4 |
| TOP OF THE 9TH |
|
Kane County Cougars batting - Pitching for Peoria Chiefs : RHP Willie Alvarado
|
|
Pitching: RHP Mike Cain
|
|
|
Batting: RHB Dustin Legault
|
0-0: Ball 1-0: Foul Ball, location: 2F 1-1: SOLO HOME RUN (Flyball, 78XD, EV 98.8 MPH), Distance : 401 ft
|
|
Batting: RHB Cesar Rendon
|
0-0: Called Strike 0-1: Ground out 4-3 (Groundball, 4S, EV 85.0 MPH)
|
|
Pinch Hitting: LHB J.P. Olson
|
0-0: Foul Ball, location: 2F 0-1: Ball 1-1: Swinging Strike 1-2: Strikes out swinging
|
|
Batting: RHB Jeremy Adams
|
0-0: Swinging Strike 0-1: Ball 1-1: Ground out 4-3 (Groundball, 4, EV 90.0 MPH)
|
| Top of the 9th over - 1 run, 1 hit, 0 errors, 0 left on base; Kane County 2 - Peoria 4 |
|